[Event "Argentine Superior Chess Championship 2023"]
[Site "https://www.chess.com"]
[Date "2023.11.03"]
[Round "7"]
[White "Francisco Guecamburu, Candela Be"]
[Black "Gomez, Carlos David"]
[Result "0-1"]
[Board "6"]
[TimeControl "5400+30"]
[WhiteFideId "160911"]
[BlackFideId "114669"]
[WhiteElo "2345"]
[BlackElo "2331"]
[WhiteTeam "ARG"]
[BlackTeam "ARG"]
[WhiteClock "0:03:40"]
[BlackClock "0:08:20"]

1. e4 e6 2. d4 d5 3. Nc3 Bb4 4. e5 Ne7 5. a3 Bxc3+ 6. bxc3 c5 7. Qg4 Nf5 8. Bd3 h5 9. Qf4 Qc7 10. Bxf5 exf5 11. Qg5 g6 12. Ne2 cxd4 13. cxd4 Be6 14. a4 Nc6 15. O-O Qe7 16. Qe3 Na5 17. Ba3 Nc4 18. Bxe7 Nxe3 19. fxe3 Kxe7 20. Rfb1 Rab8 21. Rb2 h4 22. Nc3 b6 23. Nb5 Rb7 24. Nd6 Rc7 25. a5 Rb8 26. axb6 axb6 27. Nb5 Rc6 28. Ra7+ Kf8 29. Kf2 g5 30. Kf3 Kg7 31. h3 Rbc8 32. Raa2 Rg8 33. Na7 Rc3 34. Nb5 Rc4 35. Nd6 Rc6 36. Ra6 Rb8 37. Nb5 Kh6 38. Ra7 Rbc8 39. c3 g4+ 40. Kf2 Kg5 41. Rb7 Ra8 42. Nc7 g3+ 43. Ke2 Bc8 44. Nxa8 Bxb7 45. Nxb6 Rxc3 46. Kd2 Ra3 47. Nc4 dxc4 48. Rxb7 Kg6 49. Rb6+ Kg7 50. Rb7 Ra2+ 51. Kc3 Rxg2 52. e6 Re2 53. Rxf7+ Kg6 54. Rf8 Rxe3+ 55. Kxc4 Rxe6 56. d5 Rf6 57. Rb8 f4 58. Kc5 f3 59. d6 Rf7 60. Rg8+ Kf5 61. Kc6 f2 62. d7 Rxd7 63. Kxd7 Ke4 0-1

[Event "Argentine Superior Chess Championship 2023"]
[Site "https://www.chess.com"]
[Date "2023.11.04"]
[Round "8"]
[White "Tristan, Leonardo"]
[Black "Peralta, Fernando"]
[Result "1-0"]
[Board "1"]
[TimeControl "5400+30"]
[WhiteFideId "113816"]
[BlackFideId "105309"]
[WhiteElo "2523"]
[BlackElo "2580"]
[WhiteTeam "ARG"]
[BlackTeam "ARG"]
[WhiteClock "0:53:03"]
[BlackClock "0:02:49"]

1. d4 Nf6 2. Nf3 e6 3. Bf4 d5 4. e3 c5 5. c3 Nc6 6. Nbd2 Nh5 7. Bg5 f6 8. Ne5 g6 9. g4 Ng7 10. Nxc6 bxc6 11. Bh6 Qb6 12. Qc2 e5 13. dxe5 fxe5 14. Bd3 e4 15. Nxe4 dxe4 16. Bc4 Ne6 17. Qxe4 Kf7 18. Qf4+ Ke8 19. Qe5 Kf7 20. Bxe6+ Bxe6 21. Qxh8 Bxh6 22. Qxa8 Qa6 23. O-O-O Qxa2 24. Qb7+ Kg8 25. Rd8+ Bf8 26. Qe7 Qa1+ 27. Kc2 Qa4+ 28. Kd2 1-0

[Event "Argentine Superior Chess Championship 2023"]
[Site "https://www.chess.com"]
[Date "2023.11.04"]
[Round "8"]
[White "Perez Ponsa, Federico"]
[Black "Francisco Guecamburu, Candela Be"]
[Result "1-0"]
[Board "2"]
[TimeControl "5400+30"]
[WhiteFideId "117927"]
[BlackFideId "160911"]
[WhiteElo "2527"]
[BlackElo "2345"]
[WhiteTeam "ARG"]
[BlackTeam "ARG"]
[WhiteClock "0:27:30"]
[BlackClock "0:20:28"]

1. d4 Nf6 2. c4 e6 3. Nf3 b6 4. g3 Ba6 5. Qa4 Bb7 6. Bg2 c5 7. dxc5 bxc5 8. O-O Be7 9. Nc3 O-O 10. Rd1 Qb6 11. Bf4 Rd8 12. Rd2 d6 13. Rad1 h6 14. Qb5 Ne8 15. Qxb6 axb6 16. b3 g5 17. Be3 Nc7 18. h4 f6 19. hxg5 hxg5 20. Ne1 Bxg2 21. Nxg2 Kf7 22. f4 Kg6 23. Bf2 d5 24. f5+ exf5 25. cxd5 Bd6 26. e4 fxe4 27. Nxe4 Nba6 28. Ne3 f5 29. Nxd6 Rxd6 30. Nc4 Rad8 31. Nxd6 Rxd6 32. a3 Nb5 33. Re1 Nac7 34. b4 cxb4 35. axb4 Nxd5 36. Bxb6 Rxb6 37. Rxd5 Na3 38. Rf1 Rxb4 39. Rfxf5 g4 40. Rg5+ Kh6 41. Rge5 Kg6 42. Re6+ Kf7 43. Ra6 Rb1+ 44. Kf2 Rb2+ 45. Kf1 Rb1+ 46. Ke2 Rb2+ 47. Rd2 1-0

[Event "Argentine Superior Chess Championship 2023"]
[Site "https://www.chess.com"]
[Date "2023.11.04"]
[Round "8"]
[White "Villca, Julian"]
[Black "Valerga, Diego"]
[Result "1/2-1/2"]
[Board "3"]
[TimeControl "5400+30"]
[WhiteFideId "134902"]
[BlackFideId "100587"]
[WhiteElo "2383"]
[BlackElo "2428"]
[WhiteTeam "ARG"]
[BlackTeam "ARG"]
[WhiteClock "0:48:31"]
[BlackClock "0:33:36"]

1. c4 e6 2. Nf3 Nf6 3. b3 d5 4. Bb2 c5 5. e3 Nc6 6. cxd5 exd5 7. Be2 Bd6 8. O-O O-O 9. d4 cxd4 10. Nxd4 Re8 11. Nd2 a6 12. N2f3 Bd7 13. Rc1 Qe7 14. h3 Ne4 15. Bd3 Ne5 16. Bb1 Rad8 17. Nd2 Bxh3 18. gxh3 Qg5+ 19. Kh1 Qh4 20. Kg2 Qg5+ 21. Kh1 Qh6 22. Kg2 Qg5+ 23. Kh1 Qh4 24. Kg2 Qg5+ 1/2-1/2

[Event "Argentine Superior Chess Championship 2023"]
[Site "https://www.chess.com"]
[Date "2023.11.04"]
[Round "8"]
[White "Acosta, Pablo Ismael"]
[Black "Gomez, Carlos David"]
[Result "1/2-1/2"]
[Board "4"]
[TimeControl "5400+30"]
[WhiteFideId "124311"]
[BlackFideId "114669"]
[WhiteElo "2482"]
[BlackElo "2331"]
[WhiteTeam "ARG"]
[BlackTeam "ARG"]
[WhiteClock "0:43:46"]
[BlackClock "0:46:25"]

1. d4 d5 2. c4 c6 3. Nf3 Nf6 4. e3 Bf5 5. Nc3 e6 6. Qb3 Qb6 7. Qxb6 axb6 8. Nh4 Bc2 9. cxd5 Nxd5 10. Nxd5 exd5 11. Kd2 Be7 12. Kxc2 Bxh4 13. g3 Be7 14. Bg2 O-O 15. Bd2 Na6 16. a3 Nc7 17. Rhe1 f5 18. Bc3 Nb5 19. a4 Nc7 20. f3 Bd6 21. Kb3 Rae8 22. Rad1 Re6 23. e4 Rh6 24. Rh1 fxe4 25. fxe4 dxe4 26. Bxe4 Rh5 27. Rd2 Nd5 28. Re1 Rd8 29. Bf3 Rg5 30. Rde2 Rf8 31. Re8 Kf7 32. R8e6 Rd8 33. Bd2 Rf5 34. Bg4 Rf2 35. R6e2 Rxe2 36. Rxe2 Be7 37. Be6+ Kf8 38. Bf5 h6 39. Kc4 Bf6 40. Bc3 Ra8 41. Kb3 Rd8 42. Kc4 Ra8 43. Kb3 Rd8 44. Kc4 Ra8 1/2-1/2

[Event "Argentine Superior Chess Championship 2023"]
[Site "https://www.chess.com"]
[Date "2023.11.04"]
[Round "8"]
[White "Silva, Luca"]
[Black "Krysa, Leandro"]
[Result "0-1"]
[Board "5"]
[TimeControl "5400+30"]
[WhiteFideId "147370"]
[BlackFideId "116807"]
[WhiteElo "2287"]
[BlackElo "2546"]
[WhiteTeam "ARG"]
[BlackTeam "ARG"]
[WhiteClock "0:02:58"]
[BlackClock "0:02:51"]

1. d4 Nf6 2. c4 e6 3. Nf3 d5 4. Nc3 dxc4 5. e4 b5 6. Nxb5 Nxe4 7. Qa4 c6 8. Nc3 Nxc3 9. bxc3 Ba6 10. Bxc4 Bxc4 11. Qxc4 Qc7 12. Ne5 Bd6 13. Bf4 O-O 14. O-O c5 15. Rad1 Nc6 16. Rfe1 Rac8 17. g3 cxd4 18. Qxc6 Bxe5 19. Qxc7 Bxc7 20. Bxc7 Rxc7 21. cxd4 Rd8 22. Re5 Kf8 23. Ra5 Rd6 24. Rd3 a6 25. Kg2 Ke7 26. Kf3 Kf6 27. Ke3 g5 28. h4 h6 29. hxg5+ hxg5 30. d5 Rcd7 31. Ke4 Kg6 32. g4 Rb7 33. f3 Rb2 34. Rda3 exd5+ 35. Rxd5 Rb4+ 36. Ke5 Re6# 0-1

[Event "Argentine Superior Chess Championship 2023"]
[Site "https://www.chess.com"]
[Date "2023.11.04"]
[Round "8"]
[White "Tokman, Ariel"]
[Black "Miranda, Rafael"]
[Result "1-0"]
[Board "6"]
[TimeControl "5400+30"]
[WhiteFideId "117420"]
[BlackFideId "130990"]
[WhiteElo "2306"]
[BlackElo "2343"]
[WhiteTeam "ARG"]
[BlackTeam "ARG"]
[WhiteClock "0:03:13"]
[BlackClock "0:09:15"]

1. d4 Nf6 2. c4 e6 3. Nf3 b6 4. a3 Bb7 5. Nc3 d5 6. cxd5 exd5 7. g3 Be7 8. Bg2 O-O 9. O-O Re8 10. b4 a6 11. Bf4 Bd6 12. Bxd6 Qxd6 13. Rc1 Nbd7 14. Qb3 c6 15. Ne1 a5 16. Nd3 Ra7 17. Rfd1 axb4 18. axb4 Rea8 19. Qb2 Qe7 20. e3 Ne4 21. b5 Nxc3 22. Rxc3 cxb5 23. Qxb5 Ra5 24. Qb4 Qxb4 25. Nxb4 Nf6 26. Rc7 Rb5 27. Nd3 Bc8 28. Rdc1 Bf5 29. Ne5 Be6 30. Bf1 Rb2 31. R7c2 Rb3 32. Rc3 Rxc3 33. Rxc3 Ra1 34. Kg2 Ne4 35. Rc2 f6 36. Nd3 Ng5 37. Nf4 Bf5 38. Bd3 Be4+ 39. Bxe4 dxe4 40. Rb2 Nf3 41. Rxb6 g5 42. Nd5 f5 43. Ne7+ Kf8 44. Nxf5 h5 45. Rf6+ Kg8 46. Ne7+ Kg7 47. Rxf3 exf3+ 48. Kxf3 Ra2 49. Nd5 g4+ 50. Kg2 Kg6 51. Nf4+ Kg5 52. h4+ gxh3+ 53. Nxh3+ Kg4 54. Nf4 Rd2 55. Ng6 1-0

[Event "Argentine Superior Chess Championship 2023"]
[Site "https://www.chess.com"]
[Date "2023.11.05"]
[Round "9"]
[White "Peralta, Fernando"]
[Black "Acosta, Pablo Ismael"]
[Result "1/2-1/2"]
[Board "1"]
[TimeControl "5400+30"]
[WhiteFideId "105309"]
[BlackFideId "124311"]
[WhiteElo "2580"]
[BlackElo "2477"]
[WhiteTeam "ARG"]
[BlackTeam "ARG"]
[WhiteClock "0:00:50"]
[BlackClock "0:05:25"]

1. d4 d5 2. c4 e6 3. Nc3 Nf6 4. cxd5 exd5 5. Bg5 c6 6. Qc2 Be7 7. e3 Nbd7 8. Bd3 h6 9. Bh4 Nh5 10. Bxe7 Qxe7 11. Nge2 Nb6 12. O-O O-O 13. Rae1 f5 14. Nb1 Qf6 15. Nd2 f4 16. exf4 Nxf4 17. Nxf4 Qxf4 18. Bh7+ Kh8 19. Nf3 Bf5 20. Bxf5 Qxf5 21. Qxf5 Rxf5 22. Re7 Rb8 23. Nh4 Rf6 24. b3 Kg8 25. Rfe1 Rf7 26. Ng6 Nd7 27. Rxf7 Kxf7 28. Re7+ Kxg6 29. Rxd7 Re8 30. Kf1 Re4 31. Rxb7 Rxd4 32. Ke2 Re4+ 33. Kd3 Rf4 34. f3 Rf7 35. Rb8 Rc7 36. Rd8 Kf7 37. Kd4 Re7 38. Ra8 Re2 39. Rxa7+ Kf6 40. g3 Rxh2 41. a4 Rd2+ 42. Ke3 Rb2 43. Rb7 Ke5 44. a5 Ra2 45. Rxg7 Rxa5 46. f4+ Kf6 47. Rh7 Kg6 48. Rc7 Ra6 49. g4 Rb6 50. b4 Kf6 51. Kf3 Rxb4 52. Rxc6+ Kg7 53. f5 Rd4 54. Rg6+ Kh7 55. Rd6 Kg7 56. Rd7+ Kg8 57. Rd8+ Kg7 58. Rd7+ Kg8 59. Kg3 Rd1 60. Kf4 Rd4+ 61. Ke5 Rxg4 62. Kf6 d4 63. Rd8+ Kh7 64. Rd7+ Kg8 65. Rd8+ Kh7 66. Rd7+ Kg8 67. Ke6 Re4+ 1/2-1/2

[Event "Argentine Superior Chess Championship 2023"]
[Site "https://www.chess.com"]
[Date "2023.11.05"]
[Round "9"]
[White "Gomez, Carlos David"]
[Black "Perez Ponsa, Federico"]
[Result "0-1"]
[Board "2"]
[TimeControl "5400+30"]
[WhiteFideId "114669"]
[BlackFideId "117927"]
[WhiteElo "2336"]
[BlackElo "2524"]
[WhiteTeam "ARG"]
[BlackTeam "ARG"]
[WhiteClock "0:00:38"]
[BlackClock "0:01:29"]

1. c4 e6 2. Nf3 d5 3. e3 Nf6 4. b3 Bd6 5. Bb2 Nbd7 6. Nc3 O-O 7. d4 c6 8. Bd3 e5 9. cxd5 cxd5 10. dxe5 Nxe5 11. Nxe5 Bxe5 12. Qc2 Be6 13. Ne2 Rc8 14. Qd2 Bb8 15. O-O Ne4 16. Qb4 Nc5 17. Bb1 Qg5 18. f4 Qh6 19. Ng3 f5 20. Ne2 Bd6 21. Rf3 Rf7 22. Rh3 Qg6 23. Qe1 Bd7 24. Qd1 Re8 25. Bc2 Be7 26. b4 Ne4 27. Bb3 Be6 28. Nd4 Rd8 29. Nf3 Bf6 30. Ne5 Bxe5 31. Bxe5 d4 32. exd4 Bxb3 33. Qxb3 Rc8 34. Rd3 h6 35. a4 Kh7 36. a5 Rd7 37. d5 Qh5 38. Qd1 Qf7 39. Qb3 Qh5 40. Re1 Qh4 41. g3 Qh5 42. d6 a6 43. Qa2 Qg6 44. Kh1 Qh5 45. Qe2 Qh3 46. Re3 h5 47. Rg1 Qg4 48. Qg2 Nxd6 49. Rd3 Rcd8 50. h3 Qg6 51. Rgd1 Qe6 52. Qe2 Ne4 53. Rxd7 Nxg3+ 54. Kh2 Rxd7 55. Qc2 h4 56. Rxd7 Qxd7 57. Kg2 Ne4 58. Kf3 Qb5 59. Qc7 Qd3+ 0-1

[Event "Argentine Superior Chess Championship 2023"]
[Site "https://www.chess.com"]
[Date "2023.11.05"]
[Round "9"]
[White "Krysa, Leandro"]
[Black "Villca, Julian"]
[Result "1/2-1/2"]
[Board "3"]
[TimeControl "5400+30"]
[WhiteFideId "116807"]
[BlackFideId "134902"]
[WhiteElo "2545"]
[BlackElo "2398"]
[WhiteTeam "ARG"]
[BlackTeam "ARG"]
[WhiteClock "0:00:59"]
[BlackClock "0:17:45"]

1. d4 d5 2. c4 e6 3. Nf3 Nf6 4. g3 c6 5. Bg2 Be7 6. O-O O-O 7. Nc3 a5 8. Ne5 Nfd7 9. Be3 b6 10. f4 Nxe5 11. dxe5 Nd7 12. cxd5 exd5 13. Qc2 Bc5 14. Bxc5 Nxc5 15. Rfd1 Kh8 16. Na4 Nxa4 17. Qxa4 Bd7 18. Qd4 Bg4 19. Rac1 Rc8 20. Rd2 Be6 21. Qf2 f5 22. exf6 Rxf6 23. e4 Bg8 24. Bh3 Rb8 25. e5 Rh6 26. Bg2 Qe7 27. Re1 Re6 28. Bh3 Rh6 29. Bg2 Re6 30. Rde2 g6 31. g4 Rf8 32. Rf1 Qb4 33. a3 Qc4 34. Qe3 Re7 35. b3 Qb5 36. Rd2 Be6 37. f5 gxf5 38. gxf5 Rxf5 39. Rxf5 Bxf5 40. Rf2 Bg6 41. Qg5 Qc5 42. Qf6+ Rg7 43. Qd8+ Rg8 44. Qf6+ Rg7 45. Qd8+ Rg8 46. Qf6+ Rg7 1/2-1/2

[Event "Argentine Superior Chess Championship 2023"]
[Site "https://www.chess.com"]
[Date "2023.11.05"]
[Round "9"]
[White "Valerga, Diego"]
[Black "Tristan, Leonardo"]
[Result "1-0"]
[Board "4"]
[TimeControl "5400+30"]
[WhiteFideId "100587"]
[BlackFideId "113816"]
[WhiteElo "2429"]
[BlackElo "2524"]
[WhiteTeam "ARG"]
[BlackTeam "ARG"]
[WhiteClock "0:30:40"]
[BlackClock "0:30:40"]

1. d4 Nf6 2. Nf3 c5 3. d5 b5 4. Bg5 Qb6 5. Bxf6 Qxf6 6. c3 g6 7. e4 Qb6 8. Nbd2 Bg7 9. h4 O-O 10. h5 e6 11. dxe6 dxe6 12. Qe2 b4 13. Nc4 Qc6 14. cxb4 cxb4 15. Qe3 Nd7 16. hxg6 fxg6 17. Nd4 Qc5 18. Nxe6 Qxe3+ 19. fxe3 Rxf1+ 20. Rxf1 Ba6 21. Nc7 Bxc4 22. Nxa8 Bxb2 23. Kf2 Nc5 24. Kf3 Bd3 25. Rad1 Bxe4+ 26. Ke2 Bxg2 27. Rf4 a5 28. Nc7 Be5 29. Rc4 Ne4 30. Rg1 Nc3+ 31. Rxc3 bxc3 32. Rxg2 Bxc7 33. Kd3 Kg7 34. Kxc3 h5 35. Kd4 Kf6 36. Ke4 g5 37. Rc2 Bd6 38. Rc6 Ke6 39. Ra6 g4 40. Rxa5 h4 41. Rg5 1-0

[Event "Argentine Superior Chess Championship 2023"]
[Site "https://www.chess.com"]
[Date "2023.11.05"]
[Round "9"]
[White "Francisco Guecamburu, Candela Be"]
[Black "Tokman, Ariel"]
[Result "0-1"]
[Board "5"]
[TimeControl "5400+30"]
[WhiteFideId "160911"]
[BlackFideId "117420"]
[WhiteElo "2349"]
[BlackElo "2305"]
[WhiteTeam "ARG"]
[BlackTeam "ARG"]
[WhiteClock "0:32:32"]
[BlackClock "0:39:32"]

1. e4 c6 2. d4 d5 3. e5 c5 4. Nf3 cxd4 5. Qxd4 Nc6 6. Qf4 e6 7. Nc3 Nb4 8. Nd4 Ne7 9. a3 Ng6 10. Qg3 Nc6 11. Bb5 Bd7 12. Bxc6 bxc6 13. O-O Be7 14. Nf3 O-O 15. Bg5 Bxg5 16. Nxg5 Qb8 17. f4 Qxb2 18. Qd3 Qb6+ 19. Kh1 h6 20. Nh3 f5 21. Na4 Qa5 22. Qd4 Rfb8 23. Nf2 Nxf4 24. Qxf4 c5 25. Nd3 Bxa4 26. Nxc5 Qxc5 27. Qxa4 Rb2 28. Rac1 Rc8 29. Qd7 Qc6 30. Qxa7 Ra8 31. Qe7 Rb7 32. Qh4 Rxa3 33. c4 Kh7 34. Qd4 Ra4 35. h3 Rxc4 36. Qd2 Rc7 37. Rcd1 Rc2 38. Qd4 Qc4 39. Qb6 Qe4 40. Rg1 R7c3 0-1

[Event "Argentine Superior Chess Championship 2023"]
[Site "https://www.chess.com"]
[Date "2023.11.05"]
[Round "9"]
[White "Miranda, Rafael"]
[Black "Silva, Luca"]
[Result "1/2-1/2"]
[Board "6"]
[TimeControl "5400+30"]
[WhiteFideId "130990"]
[BlackFideId "147370"]
[WhiteElo "2343"]
[BlackElo "2301"]
[WhiteTeam "ARG"]
[BlackTeam "ARG"]
[WhiteClock "0:57:53"]
[BlackClock "0:25:33"]

1. e4 c5 2. Nf3 d6 3. d4 cxd4 4. Nxd4 Nf6 5. Nc3 a6 6. Be3 e5 7. Nf3 Be7 8. Bc4 O-O 9. O-O Nc6 10. Bg5 Be6 11. Bb3 Na5 12. Bxf6 Bxf6 13. Qd3 Rc8 14. Rfd1 Nxb3 15. axb3 Rc6 16. Ne1 Qe8 17. Nd5 Bd8 18. Rd2 Bg5 19. Re2 f5 20. Nb4 Rb6 21. Nd5 Rc6 22. Nb4 fxe4 23. Rxe4 Rb6 24. Nf3 Bd8 25. Nd5 Rc6 26. Nb4 Rb6 27. Nd5 Rc6 28. Nb4 Rb6 29. Nd5 Rc6 1/2-1/2

[Event "Argentine Superior Chess Championship 2023"]
[Site "https://www.chess.com"]
[Date "2023.11.06"]
[Round "10"]
[White "Acosta, Pablo Ismael"]
[Black "Perez Ponsa, Federico"]
[Result "1/2-1/2"]
[Board "1"]
[TimeControl "5400+30"]
[WhiteFideId "124311"]
[BlackFideId "117927"]
[WhiteElo "2477"]
[BlackElo "2524"]
[WhiteTeam "ARG"]
[BlackTeam "ARG"]
[WhiteClock "0:19:04"]
[BlackClock "0:14:43"]

1. d4 Nf6 2. Nf3 d5 3. c4 e6 4. Nc3 dxc4 5. Qa4+ Nc6 6. Bg5 Bb4 7. e4 Bd7 8. Qd1 h6 9. Bxf6 Qxf6 10. Bxc4 O-O 11. O-O Rfd8 12. e5 Qe7 13. Ne2 Be8 14. Qc2 Na5 15. Bd3 Qd7 16. Rac1 Rac8 17. a3 Bf8 18. Nf4 c5 19. d5 Qa4 20. Qxa4 Bxa4 21. dxe6 fxe6 22. Be4 Kf7 23. h4 Bc6 24. Bg6+ Ke7 25. Rxc5 Nb3 26. Rc3 Nd2 27. Nxd2 Rxd2 28. Bh5 Rd4 29. g3 g5 30. hxg5 hxg5 31. Ng6+ Kd7 32. Nxf8+ Rxf8 33. Rd1 Rxd1+ 34. Bxd1 Ke7 35. Rd3 Rf5 36. Re3 Rf8 37. Bc2 Rd8 38. Be4 Bxe4 39. Rxe4 Rd5 40. Kg2 Kf7 41. Kf3 b5 42. Re2 Rc5 43. Ke4 Rc4+ 44. Kd3 Kg6 45. Re4 Rc5 46. g4 Rd5+ 47. Ke2 a5 48. Kf3 Rd2 49. Re2 Rd4 50. Rc2 b4 51. Rc7 bxa3 52. bxa3 Rf4+ 53. Kg3 Re4 54. Rc5 Ra4 55. Rc3 Re4 56. Re3 Rxe3+ 57. fxe3 Kf7 58. Kf3 Ke7 59. Ke4 Kd7 60. Kd4 Kc6 61. Kc4 Kb6 62. a4 1/2-1/2

[Event "Argentine Superior Chess Championship 2023"]
[Site "https://www.chess.com"]
[Date "2023.11.06"]
[Round "10"]
[White "Peralta, Fernando"]
[Black "Valerga, Diego"]
[Result "1-0"]
[Board "2"]
[TimeControl "5400+30"]
[WhiteFideId "105309"]
[BlackFideId "100587"]
[WhiteElo "2580"]
[BlackElo "2429"]
[WhiteTeam "ARG"]
[BlackTeam "ARG"]
[WhiteClock "0:01:56"]
[BlackClock "0:02:44"]

1. d4 Nf6 2. c4 e6 3. Nc3 Bb4 4. e3 O-O 5. Bd3 d5 6. cxd5 exd5 7. Nge2 c5 8. O-O Nc6 9. f3 Re8 10. Kh1 h6 11. Rg1 h5 12. a3 cxd4 13. exd4 Bd6 14. g3 Be6 15. Bf4 Rc8 16. Qd2 Be7 17. Rae1 Nd7 18. Be3 Bf6 19. Bb1 Nf8 20. Nf4 g6 21. Ba2 Ne7 22. Re2 Qd7 23. Rge1 Red8 24. Qd1 Qd6 25. Bf2 Rd7 26. Nd3 Nf5 27. Nc5 Re7 28. N3e4 dxe4 29. Nxe4 Bxa2 30. Nxd6 Rxe2 31. Rxe2 Nxd6 32. b3 Bg5 33. f4 Bxb3 34. Qxb3 Bf6 35. Qb4 Rd8 36. d5 b6 37. Bd4 Bxd4 38. Qxd4 Nd7 39. Qa4 1-0

[Event "Argentine Superior Chess Championship 2023"]
[Site "https://www.chess.com"]
[Date "2023.11.06"]
[Round "10"]
[White "Tristan, Leonardo"]
[Black "Krysa, Leandro"]
[Result "1/2-1/2"]
[Board "3"]
[TimeControl "5400+30"]
[WhiteFideId "113816"]
[BlackFideId "116807"]
[WhiteElo "2524"]
[BlackElo "2545"]
[WhiteTeam "ARG"]
[BlackTeam "ARG"]
[WhiteClock "0:03:23"]
[BlackClock "0:05:39"]

1. d4 d5 2. Nf3 Nf6 3. c3 c5 4. dxc5 e6 5. b4 a5 6. e3 axb4 7. cxb4 b6 8. a4 bxc5 9. b5 Bd6 10. Be2 Bb7 11. Bb2 Nbd7 12. Nbd2 Bc7 13. O-O O-O 14. Qc2 h6 15. Rfd1 Re8 16. h3 Qe7 17. Nh2 Red8 18. Nhf1 Ra7 19. Ra2 Rda8 20. Rda1 Bb6 21. Bc3 Qd8 22. Qb2 c4 23. Bd4 Ra5 24. Bc3 R5a7 25. Bd4 Ra5 26. Bc3 R5a7 27. Bd4 Ra5 1/2-1/2

[Event "Argentine Superior Chess Championship 2023"]
[Site "https://www.chess.com"]
[Date "2023.11.06"]
[Round "10"]
[White "Tokman, Ariel"]
[Black "Gomez, Carlos David"]
[Result "1-0"]
[Board "4"]
[TimeControl "5400+30"]
[WhiteFideId "117420"]
[BlackFideId "114669"]
[WhiteElo "2305"]
[BlackElo "2336"]
[WhiteTeam "ARG"]
[BlackTeam "ARG"]
[WhiteClock "0:14:29"]
[BlackClock "0:24:45"]

1. Nf3 c5 2. c4 Nf6 3. Nc3 Nc6 4. g3 d5 5. cxd5 Nxd5 6. Bg2 Nc7 7. a3 g6 8. Rb1 Bg7 9. O-O Bf5 10. d3 Qd7 11. Be3 c4 12. Nh4 cxd3 13. Nxf5 gxf5 14. Qb3 Ne6 15. Rfd1 Bd4 16. Rxd3 Nc5 17. Qc4 Nxd3 18. Bxc6 bxc6 19. Bxd4 e5 20. Be3 f4 21. Bd2 fxg3 22. Qxd3 gxh2+ 23. Kxh2 Qxd3 24. exd3 O-O-O 25. Be3 Rhg8 26. Rg1 Rxg1 27. Kxg1 a6 28. Ne4 Rxd3 29. Ng5 f5 30. Nxh7 Rb3 31. Ng5 f4 32. Bd2 Rxb2 33. Bc3 Rb5 34. Nf7 Rb1+ 35. Kg2 Rb3 36. Bb4 a5 37. Bxa5 Rxa3 38. Nd6+ Kb8 39. Nc4 Ra4 40. Nxe5 c5 41. Nd7+ Ka7 42. Bb6+ Ka8 43. Bxc5 Kb7 44. Ne5 Re4 45. Nd3 Kc6 46. Kf3 Ra4 47. Be7 Ra7 48. Bg5 Ra3 49. Ke4 f3 50. Be3 Ra4+ 51. Kxf3 Kd5 52. Bc1 Rc4 53. Bb2 Ke6 54. Ke3 Kf5 55. f3 Ra4 56. Bd4 Ra3 57. Bc5 Rc3 58. Bb4 Rb3 59. Ke2 Rb1 60. Bd2 Rh1 61. Nf2 Rh2 62. Ke3 Rh8 63. Ne4 Re8 64. Bb4 Re6 65. Bd6 Re8 66. Kd4 Re6 67. Kd5 Re8 68. Bc7 Re7 69. Ng3 Kg6 70. Be5 Ra7 71. f4 Ra3 72. Ke6 Kh7 73. Ne4 Rf3 1-0

[Event "Argentine Superior Chess Championship 2023"]
[Site "https://www.chess.com"]
[Date "2023.11.06"]
[Round "10"]
[White "Villca, Julian"]
[Black "Miranda, Rafael"]
[Result "1-0"]
[Board "5"]
[TimeControl "5400+30"]
[WhiteFideId "134902"]
[BlackFideId "130990"]
[WhiteElo "2398"]
[BlackElo "2343"]
[WhiteTeam "ARG"]
[BlackTeam "ARG"]
[WhiteClock "0:11:03"]
[BlackClock "0:12:18"]

1. d4 Nf6 2. c4 e6 3. Nf3 b6 4. g3 Bb7 5. Bg2 Bb4+ 6. Bd2 Bxd2+ 7. Nbxd2 O-O 8. Qc2 d6 9. O-O Nbd7 10. e4 e5 11. d5 a5 12. b3 c6 13. dxc6 Bxc6 14. a4 Nc5 15. Rfe1 Ra7 16. Nh4 g6 17. Nb1 Nh5 18. Nc3 Nf4 19. Rad1 Nfe6 20. Nf3 Rd7 21. Nd5 f5 22. exf5 gxf5 23. Bh3 Rdf7 24. Qc3 e4 25. Nd4 Bxd5 26. cxd5 Nxd4 27. Rxd4 Qf6 28. Rc4 Qh6 29. Bg2 Nd3 30. Rd1 f4 31. Rxe4 Nxf2 32. Kxf2 Qh5 33. Rh1 fxg3+ 34. Ke1 Rg7 35. hxg3 Qg5 36. Bh3 1-0

[Event "Argentine Superior Chess Championship 2023"]
[Site "https://www.chess.com"]
[Date "2023.11.06"]
[Round "10"]
[White "Silva, Luca"]
[Black "Francisco Guecamburu, Candela Be"]
[Result "0-1"]
[Board "6"]
[TimeControl "5400+30"]
[WhiteFideId "147370"]
[BlackFideId "160911"]
[WhiteElo "2301"]
[BlackElo "2349"]
[WhiteTeam "ARG"]
[BlackTeam "ARG"]
[WhiteClock "0:27:11"]
[BlackClock "0:22:55"]

1. d4 Nf6 2. c4 e6 3. Nf3 c5 4. d5 exd5 5. cxd5 d6 6. Nc3 g6 7. h3 Bg7 8. Bf4 O-O 9. e3 Qe7 10. Be2 b6 11. O-O Ne8 12. Nd2 f5 13. Nc4 Nd7 14. Bh2 Ne5 15. Qd2 Nxc4 16. Bxc4 Nc7 17. a4 a6 18. Rfe1 g5 19. h4 h6 20. hxg5 hxg5 21. f4 gxf4 22. exf4 Bd4+ 23. Kh1 Qg7 24. Ne2 Bf6 25. Ra3 Kf7 26. Rg3 Qh6 27. Rh3 Qg6 28. Ng1 Rh8 29. Rxh8 Bxh8 30. Nf3 Kf8 31. Qe2 Bf6 32. Ne5 Qh7 33. Qd3 b5 34. Ba2 Bb7 35. Re3 c4 36. Qd4 Nxd5 37. Rf3 dxe5 38. fxe5 Re8 39. Qc5+ Be7 40. Qf2 f4 41. Rh3 Qe4 42. Bxf4 Nxf4 43. Rh8+ Kf7 44. e6+ Kxe6 0-1

[Event "Argentine Superior Chess Championship 2023"]
[Site "https://www.chess.com"]
[Date "2023.11.07"]
[Round "11"]
[White "Perez Ponsa, Federico"]
[Black "Tokman, Ariel"]
[Result "1/2-1/2"]
[Board "1"]
[TimeControl "5400+30"]
[WhiteFideId "117927"]
[BlackFideId "117420"]
[WhiteElo "2524"]
[BlackElo "2305"]
[WhiteTeam "ARG"]
[BlackTeam "ARG"]
[WhiteClock "0:02:34"]
[BlackClock "0:05:24"]

1. e4 c6 2. d4 d5 3. e5 c5 4. Nf3 cxd4 5. Nxd4 e6 6. Nd2 Nc6 7. N2f3 Nge7 8. Bd3 Nxd4 9. Nxd4 Nc6 10. Nf3 Qc7 11. Qe2 Nb4 12. h4 Bd7 13. h5 h6 14. Rh4 O-O-O 15. Bd2 Nxd3+ 16. cxd3 Kb8 17. Rf4 Be8 18. Rc1 Qb6 19. Be3 Qa5+ 20. Kf1 Rc8 21. Rxc8+ Kxc8 22. a3 Rg8 23. g3 Be7 24. Bd2 Qc7 25. Bb4 Kb8 26. Nd4 Bxb4 27. axb4 a6 28. Kg2 Ka8 29. Qe3 Kb8 30. Qe1 Qe7 31. Qc3 Qc7 32. Rf3 Qxc3 33. bxc3 Kc7 34. Re3 Kd8 35. Re1 Bd7 36. Kf3 Ke7 37. Ke3 f6 38. Kd2 fxe5 39. Rxe5 Kd6 40. f4 g5 41. c4 gxf4 42. gxf4 b6 43. cxd5 exd5 44. Nf5+ Bxf5 45. Rxf5 Ke6 46. Re5+ Kd6 47. Rf5 Ke6 48. Re5+ Kd6 49. Ke3 Rg4 50. Rf5 Ke6 51. Rf8 a5 52. Rb8 axb4 53. Rxb6+ Kf5 54. Rxb4 Rg3+ 55. Kd4 Rf3 56. Rb6 Rxf4+ 57. Kxd5 Kg5 58. Ke5 Rf5+ 59. Ke4 Rf4+ 60. Ke5 Rf5+ 61. Ke4 Rf4+ 62. Ke3 Rf5 63. d4 Kxh5 64. Ke4 Kg5 65. Rb8 Ra5 66. d5 Kf6 67. Rb6+ Ke7 68. Ke5 Ra1 69. Rb7+ Kd8 70. Ke6 Rg1 71. Rd7+ Ke8 72. Re7+ Kd8 73. Rd7+ Ke8 74. Rh7 Rg6+ 75. Kf5 Ra6 76. Ke5 Kd8 77. Kd4 Rg6 78. Ra7 Rf6 79. Ke5 Rb6 80. d6 Rb1 81. Ke6 Re1+ 82. Kd5 Rd1+ 83. Ke6 1/2-1/2